 Dungeon Crawl Stone Soup version 0.31-a0-182-gc5ef74bbde (webtiles) character file.

Game seed: 16628280915755049906

338 qw the Shield-Bearer (level 6, 0/33 HPs)
             Began as a Gargoyle Fighter on June 20, 2023.
             Slain by Edmund
             ... wielding a +1 flail of protection
              (1 damage)
             ... on level 4 of the Dungeon.
             The game lasted 00:02:05 (3969 turns).

qw the Shield-Bearer (Gargoyle Fighter)             Turns: 3969, Time: 00:02:06

Health: 0/33       AC: 13    Str: 22    XL:     6   Next: 55%
Magic:  0/6        EV:  9    Int:  8    God:
Gold:   170        SH: 10    Dex: 15    Spells: 5/5 levels left

rFire   . . .        Y - +1 war axe
rCold   . . .        m - +0 kite shield
rNeg    + . .        b - +0 scale mail
rPois   inf          e - +1 hat "Careok" {rPois Dex+6}
rElec   +            i - +0 cloak
rCorr   .            (no gloves)
SInv    .            (no boots)
Will    .....        j - amulet of guardian spirit Stlth
                     (no ring)
HPRegen 0.25/turn    (no ring)
MPRegen 0.10/turn

%: guardian spirit
@: no status effects
A: sickness immunity, AC +4, negative energy resistance 1, electricity
resistance, torment resistance 1, petrification resistance, claws 1, frail 1
a: no special abilities


You were on level 4 of the Dungeon.
You visited 1 branch of the dungeon, and saw 4 of its levels.

You collected 195 gold pieces.
You spent 25 gold pieces at shops.


Innate Abilities, Weirdness & Mutations

You are immune to sickness and miasma.
Your stone body is resilient. (AC +4)
You are immune to poison.
You resist negative energy. (rN+)
You are resistant to electric shocks. (rElec)
You are resistant to unholy torment.
You are immune to petrification.
You have sharp fingernails.
You are frail. (-10% HP)


   Skills:
 - Level 3.2 Fighting
 + Level 4.2 Axes
 - Level 3.2 Armour
 - Level 2.2 Dodging
 - Level 5.2 Shields


You had 5 spell levels left.
You didn't know any spells.
Your spell library was empty.

Inventory:

Hand Weapons
 l - a +0 whip
 Y - a +1 war axe (weapon)
Armour
 b - a +0 scale mail (worn)
 c - a +0 chain mail
 e - the +1 hat "Careok" (worn) {rPois Dex+6}
   (You found it on level 2 of the Dungeon)

   Dex:       It affects your dexterity (+6).
   rPois:     It protects you from poison.
 i - a +0 cloak (worn)
 m - a +0 kite shield (worn)
Jewellery
 j - an amulet of guardian spirit (around neck)
Scrolls
 p - 3 scrolls of identify
Potions
 a - a potion of lignification {unknown}
 d - a potion of might
 f - a potion of brilliance {unknown}
 g - a potion of heal wounds {unknown}
 h - a potion of haste {unknown}
 k - a potion of curing {unknown}

Dungeon Overview and Level Annotations

Branches:
Dungeon (4/15)
 Temple: D:4-7

Altars:
Xom

Shops:
D:1 (

Annotations:
D:4 Edmund


Message History

You closely miss Edmund.
Edmund is moderately wounded.
You block Edmund's attack.
You hit Edmund.
Edmund is moderately wounded.
You block Edmund's attack. Edmund hits you but does no damage.
You hit Edmund but do no damage.
Edmund is moderately wounded.
Edmund hits you with a +1 flail of protection.
You hit Edmund but do no damage.
Edmund is moderately wounded.
Edmund hits you with a +1 flail of protection.
You block Edmund's attack.
You hit Edmund.
Edmund is heavily wounded.
Edmund closely misses you.
You hit Edmund but do no damage.
Edmund is heavily wounded.
Edmund hits you with a +1 flail of protection.
You hit Edmund.
Edmund is heavily wounded.
You block Edmund's attack. Edmund barely misses you.
You hit Edmund but do no damage.
Edmund is heavily wounded.
Edmund closely misses you.
You hit Edmund but do no damage.
Edmund is heavily wounded.
You block Edmund's attack.
Edmund hits you with a +1 flail of protection.
You barely miss Edmund.
Edmund is heavily wounded.
You block Edmund's attack.
You slash Edmund!
Edmund is severely wounded.
Edmund hits you with a +1 flail of protection.
You hit Edmund but do no damage.
Edmund is severely wounded.
You block Edmund's attack.
Edmund hits you with a +1 flail of protection.
You die...

#.#.# .# #.## #.#.# .#
#.# #.#.#
#################.#
#.#.#
#........?.....##.#
#.#.#
#.####.#######.##.#
#.#.# ##...## #.##.## .
##.....#####......
#...###...............##
#.....@@.......########
#...###.......## ##
##.....## ##...## ##.##
##


You could see Edmund.

Vanquished Creatures
  A black bear (D:4)
  An ogre (D:4)
  An iguana (D:4)
  3 gnolls (D:4)
  An adder (D:4)
  2 worms
  5 dart slugs
  7 endoplasms
  3 giant cockroaches
  6 goblins
  8 hobgoblins
  5 jackals
  9 kobolds
  4 quokkas
  5 ball pythons
  6 bats
  6 frilled lizards
  5 rats
78 creatures vanquished.

Notes
Turn   | Place    | Note
-------+----------+-------------------------------------------
     0 | D:1      | qw the Gargoyle Fighter began the quest for the Orb.
     0 | D:1      | Reached XP level 1. HP: 14/14 MP: 1/1
     0 | D:1      | 0 ||| qw: Version: 0.3-a-9-g12657ce
     0 | D:1      | 0 ||| qw: Game counter: 1379
     0 | D:1      | 0 ||| qw: Always use a shield: true
     0 | D:1      | 0 ||| qw: God list: Okawaru
     0 | D:1      | 0 ||| qw: Allow faded altars: false
     0 | D:1      | 0 ||| qw: Do Orc after D:15 true
     0 | D:1      | 0 ||| qw: Do second Lair branch before Depths: true
     0 | D:1      | 0 ||| qw: Lair rune preference: random
     0 | D:1      | 0 ||| qw: Plans: Normal, Zot:1-4, Slime:5, God:TSO, Crypt,
                  | Tomb, Abyss, Pan, Hells, Win
     0 | D:1      | 0 ||| PLANNING D:1-11
   119 | D:1      | 119 ||| Stepping ~*~*~tactically~*~*~ (hiding).
   186 | D:1      | Found a faded altar of an unknown god.
   240 | D:1      | Reached XP level 2. HP: 18/19 MP: 2/2
   335 | D:1      | 335 ||| Stepping ~*~*~tactically~*~*~ (hiding).
   684 | D:1      | Reached skill level 3 in Axes
   850 | D:1      | Reached XP level 3. HP: 22/23 MP: 3/3
  1021 | D:1      | Found Pangenuo's Weapon Emporium.
  1026 | D:1      | 1026 ||| BUYING +0 whip (25 gold).
  1026 | D:1      | Bought a +0 whip for 25 gold pieces
  1026 | D:1      | 1026 ||| SHOPLISTING +1 morningstar of Rouhio {heavy, SInv}
                  | (234 gold, have 24).
  1026 | D:1      | 1026 ||| DROPPING +0 club.
  1032 | D:1      | 1032 ||| UPGRADING to amulet of guardian spirit.
  1037 | D:1      | 1037 ||| READING scroll labelled XASUIFRIYSCH.
  1040 | D:1      | 1040 ||| READING scroll labelled ZUKESI LAEST.
  1041 | D:1      | 1041 ||| DRINKING 2 metallic silvery potions.
  1042 | D:1      | 1042 ||| DRINKING 2 black potions.
  1042 | D:1      | Gained mutation: You occasionally lose the ability to drink
                  | potions when taking damage. [potion of mutation]
  1043 | D:1      | 1043 ||| DRINKING potion of mutation.
  1043 | D:1      | Lost mutation: You occasionally lose the ability to drink
                  | potions when taking damage. [potion of mutation]
  1043 | D:1      | Gained mutation: You are frail. (-10% HP) [potion of
                  | mutation]
  1043 | D:1      | Gained mutation: You have sharp fingernails. [potion of
                  | mutation]
  1044 | D:1      | 1044 ||| DROPPING potion of degeneration.
  1103 | D:2      | Identified the +1 hat "Careok" {rPois Dex+6}
  1222 | D:2      | Found a shimmering altar of Xom.
  1288 | D:2      | Identified the +8 falchion "Newt's Undoing" {heavy, Stlth+}
  1892 | D:2      | 1892 ||| UPGRADING to +1 hat "Careok" {rPois Dex+6}.
  1897 | D:2      | 1897 ||| READING scroll labelled QYSEAKANUW.
  1898 | D:2      | 1898 ||| READING scroll labelled QARYIHI QOESK.
  1899 | D:2      | 1899 ||| READING scroll labelled GIULON QATAO.
  1955 | D:3      | 1955 ||| PLANNING SEWER
  2032 | D:3      | 2032 ||| Stepping ~*~*~tactically~*~*~ (hiding).
  2057 | D:3      | 2057 ||| Stepping ~*~*~tactically~*~*~ (stealth).
  2060 | D:3      | 2060 ||| Stepping ~*~*~tactically~*~*~ (stealth).
  2213 | D:3      | Reached XP level 4. HP: 25/25 MP: 4/4
  2330 | D:3      | 2330 ||| Stepping ~*~*~tactically~*~*~ (hiding).
  2426 | D:3      | 2426 ||| Stepping ~*~*~tactically~*~*~ (stealth).
  2432 | D:3      | 2432 ||| Stepping ~*~*~tactically~*~*~ (stealth).
  2526 | D:3      | Found a glowing drain.
  2527 | D:3      | 2527 ||| UPGRADING to +0 cloak.
  2532 | D:3      | 2532 ||| UPGRADING to +0 kite shield.
  2542 | D:3      | 2542 ||| DROPPING +0 buckler.
  2543 | D:3      | 2543 ||| READING scroll labelled XISETWO VIUT.
  2544 | D:3      | 2544 ||| READING scroll labelled TELUMI HEMEY.
  2545 | D:3      | 2545 ||| READING scroll labelled UFUPSI UNETE.
  2680 | D:3      | 2680 ||| STAIRDANCE
  2684 | D:3      | 2684 ||| STAIRDANCE
  2688 | D:3      | 2688 ||| STAIRDANCE
  2692 | D:3      | 2692 ||| STAIRDANCE
  2696 | D:3      | 2696 ||| STAIRDANCE
  2700 | D:3      | 2700 ||| STAIRDANCE
  2704 | D:3      | 2704 ||| STAIRDANCE
  2708 | D:3      | 2708 ||| STAIRDANCE
  2712 | D:3      | 2712 ||| STAIRDANCE
  2716 | D:3      | 2716 ||| STAIRDANCE
  2720 | D:3      | 2720 ||| STAIRDANCE
  2724 | D:3      | 2724 ||| STAIRDANCE
  2728 | D:3      | 2728 ||| STAIRDANCE
  2732 | D:3      | 2732 ||| STAIRDANCE
  2736 | D:3      | 2736 ||| STAIRDANCE
  2740 | D:3      | 2740 ||| STAIRDANCE
  2744 | D:3      | 2744 ||| STAIRDANCE
  2748 | D:3      | 2748 ||| STAIRDANCE
  2752 | D:3      | 2752 ||| STAIRDANCE
  2756 | D:3      | 2756 ||| RIP SEWER
  2756 | D:3      | 2756 ||| PLANNING D:1-11
  2802 | D:3      | Identified the +1 robe of Magic {rElec rN+ Int-4}
  3076 | D:4      | 3076 ||| Stepping ~*~*~tactically~*~*~ (hiding).
  3209 | D:4      | Noticed an ogre
  3215 | D:4      | Reached skill level 4 in Shields
  3222 | D:4      | Killed an ogre
  3223 | D:4      | Reached XP level 5. HP: 16/28 MP: 3/5
  3462 | D:4      | 3462 ||| Stepping ~*~*~tactically~*~*~ (hiding).
  3731 | D:4      | Noticed a black bear
  3739 | D:4      | Killed a black bear
  3740 | D:4      | Reached skill level 5 in Shields
  3740 | D:4      | Reached XP level 6. HP: 25/33 MP: 3/6
  3940 | D:4      | Noticed Edmund
  3960 | D:4      | HP: 6/33 [Edmund/+1 flail of protection (5)]
  3963 | D:4      | HP: 2/33 [Edmund/+1 flail of protection (3)]
  3968 | D:4      | HP: 1/33 [Edmund/+1 flail of protection (2)]
  3969 | D:4      | Slain by Edmund

Levels and vault maps discovered:
D:1:      giann_bridges, layout_basic, hellmonk_ecumenical_altar_run_dry,
          serial_shops, shop
D:2:      cheibrodos_helix_gallery, layout_loops_corners, basic_altar
D:3:      layout_loops_ring, cheibrodos_sewer_entry_bend, kennysheep_potato
D:4:      layout_loops_ring, uniq_edmund

Skill      XL: |  1  2  3  4  5 |
---------------+----------------+-----
Axes           | 2 3 4 |  4.2
Shields        | 4 5 |  5.2
Dodging        | 2 |  2.2
Fighting       | |  3.2
Armour         | |  3.2

Action                     |  1- 3 |  4- 6 || total
---------------------------+-------+-------++-------
  Melee: War axe           |   113 |   126 ||   239
    Use: Scroll            |     5 |     3 ||     8
         Potion            |     3 |       ||     3
 Armour: Scale mail        |    51 |    52 ||   103
  Dodge: Dodged            |    35 |    53 ||    88
  Block: Buckler           |    19 |    13 ||    32
         Kite shield       |       |    51 ||    51

Table legend:
 A = Non-vault XP
 B = Vault XP
 C = Vault XP percentage of total XP
 D = Non-vault monster count
 E = Vault monster count
 F = Vault count percentage of total count
                 A         B        C        D         E       F
            +---------+---------+-------+---------+---------+-------
      Total |     473 |      11 |   2.3 |      73 |       5 |   6.4
            +---------+---------+-------+---------+---------+-------
        D:1 |      39 |       0 |   0.0 |      21 |       0 |   0.0
        D:2 |      17 |       4 |  19.0 |       9 |       2 |  18.2
        D:3 |      41 |       7 |  14.6 |      21 |       3 |  12.5
        D:4 |     376 |       0 |   0.0 |      22 |       0 |   0.0
            +---------+---------+-------+---------+---------+-------
